 Dungeon Sprint DCSS version 0.22-a0-351-g29664b41f0 (webtiles) character file.

16786 Pa55enger the Basher (level 12, -7/103 HPs)
             Began as a Gnoll Berserker on Apr 13, 2018.
             Was the Champion of Trog.
             Mangled by a stone giant (39 damage)
             ... in the Dungeon (Sprint IX: "|||||||||||||||||||||||||||||").
             The game lasted 00:07:03 (2824 turns).

Pa55enger the Basher (Gnoll Berserker)              Turns: 2824, Time: 00:07:04

Health: -7/103     AC: 12    Str: 21    XL:     12   Next: 41%
Magic:  27/27      EV: 19    Int: 10    God:    Trog [******]
Gold:   1545       SH: 19    Dex: 18    Spells: 33/33 levels left

rFire    + . .     SeeInvis .   w - +3 scimitar (flame)
rCold    + + +     Gourm    .   J - +1 large shield
rNeg     . . .     Faith    .   H - +4 skin of Zhor {rC+++}
rPois    +         Spirit   .   (no helmet)
rElec    .         Reflect  .   o - +0 cloak
rCorr    .         Harm     .   t - +1 pair of gloves {archery}
MR       .....     NoTele   +   z - +0 pair of boots
Stlth    +++++.....             A - amulet of regeneration
HPRegen  0.67/turn              D - ring of protection from fire
MPRegen  0.20/turn              F - ring of poison resistance

@: no status effects
A: distributed training, fangs 1, strong nose
a: Berserk, Trog's Hand, Brothers in Arms, Renounce Religion


You were in the Dungeon.
You worshipped Trog.
Trog was exalted by your worship.
You were not hungry.

You visited 1 branch You collected 1905 gold pieces.
You spent 360 gold pieces at shops.

Inventory:

Hand Weapons
 m - a +4 quarterstaff of speed
 n - the +2 scimitar of Extremism {slice, +Fly rC- SInv}
   (You found it in the Dungeon)

   It inflicts extra damage upon your enemies.
   It makes you vulnerable to cold.
   It lets you see invisible.
   It lets you fly.
 w - a +3 scimitar of flaming (weapon)
 x - a +5 longbow of flaming
 B - a +4 great sword of draining
 G - a +1 demon whip
Missiles
 v - 65 bolts
Armour
 o - a +0 cloak (worn)
 t - a +1 pair of gloves of archery (worn)
 z - a +0 pair of boots (worn)
 H - the +4 skin of Zhor (worn) {rC+++}
   (You found it in the Dungeon)

   It renders you almost immune to cold.
 I - a +3 plate armour of cold resistance
 J - a +1 large shield (worn)
Jewellery
 q - a +3 ring of dexterity
 r - a +3 ring of intelligence
 A - an amulet of regeneration (around neck)
 D - a ring of protection from fire (left hand)
 E - an uncursed ring of fire
 F - a ring of poison resistance (right hand)
Wands
 l - a wand of acid (10)
Scrolls
 b - 4 scrolls of enchant armour
 i - 4 scrolls of blinking
 k - 4 scrolls of remove curse
 s - a scroll of fog
 u - 3 scrolls of identify
Potions
 a - 4 potions of agility
 d - 7 potions of curing
 e - 5 potions of heal wounds
 f - 2 potions of haste
 g - 4 potions of magic
 h - 2 potions of berserk rage
 j - a potion of invisibility
Comestibles
 c - 10 rations


   Skills:
 + Level 12.9 Fighting
 + Level 11.4 Short Blades
 + Level 11.4 Long Blades
 + Level 11.4 Axes
 + Level 12.9 Maces & Flails
 + Level 11.4 Polearms
 + Level 11.4 Staves
 + Level 11.4 Slings
 + Level 11.4 Bows
 + Level 11.4 Crossbows
 + Level 11.4 Throwing
 + Level 12.2 Armour
 + Level 12.2 Dodging
 + Level 11.4 Stealth
 + Level 11.4 Shields
 + Level 11.4 Unarmed Combat
 + Level 11.4 Spellcasting
 + Level 9.7 Conjurations
 + Level 9.7 Hexes
 + Level 9.7 Charms
 + Level 9.7 Summonings
 + Level 9.7 Necromancy
 + Level 9.7 Translocations
 + Level 9.7 Transmutations
 + Level 9.7 Fire Magic
 + Level 9.7 Ice Magic
 + Level 9.7 Air Magic
 + Level 9.7 Earth Magic
 + Level 9.7 Poison Magic
 + Level 12.3 Invocations
 + Level 11.4 Evocations


You had 33 spell levels left.
You didn't know any spells.

Dungeon Overview and Level Annotations

Branches:
Dungeon (1/1)

Altars:
Cheibriados
Dithmenos
Elyvilon
Fedhas
Gozag
Hepliaklqana
Kikubaaqudgha
Makhleb
Nemelex Xobeh
Okawaru
Qazlal
Ru
Sif Muna
Trog
Uskayaw
Vehumet
Wu Jian
Xom
Yredelemnul
Zin
The Shining One
Beogh
Jiyva
Lugonu

Shops:
D [=(?


Innate Abilities, Weirdness & Mutations

Your experience applies equally to all skills.
You have very sharp teeth.
Your uncanny sense of smell can sniff out nearby items.


Message History

You block the stone giant's attack.
You hit the stone giant but do no damage.
You bite the stone giant, but do no damage.
The stone giant is moderately wounded.
You block the stone giant's attack.
You barely miss the stone giant.
The stone giant is moderately wounded.
You block the stone giant's attack.
You hit the stone giant. You burn the stone giant.
The stone giant is moderately wounded.
You block the stone giant's attack.
You slice the stone giant!! You burn the stone giant.
Your bite misses the stone giant.
The stone giant is severely wounded.
The stone giant hits you!!
You hit the stone giant but do no damage.
You bite the stone giant, but do no damage.
The stone giant is severely wounded.
The stone giant hits you!!!
You die...

▓.▓▓▓▓▓▓▓▓▓▓▓▓▓▓▓▓
▓.......'.......(.
▓▓▓▓▓▓▓▓▓▓▓▓▓▓▓▓▓▓
▓.................
▓.▓▓▓▓▓▓▓▓▓▓▓▓▓▓▓▓
▓.............'().
▓▓▓▓▓▓▓▓▓▓▓▓▓▓▓▓▓▓
▓(................
▓@▓▓▓▓▓▓▓▓▓▓▓▓▓▓▓▓
▓C........'=....))
▓▓▓▓▓▓▓▓▓▓▓▓▓▓▓▓▓▓


You could see a stone giant.

Vanquished Creatures
  A stone giant (D)
  A very ugly thing (D)
  Harold (D)
  Erolcha (D)
  Erica (D)
  A death knight (D)
  A deep troll shaman (D)
  Sonja (D)
  An unseen horror (D)
  2 orc knights (D)
  3 orc sorcerers (D)
  A komodo dragon (D)
  A kobold demonologist (D)
  A yaktaur (D)
  2 trolls (D)
  A hornet (D)
  2 blink frogs (D)
  2 hippogriffs (D)
  A slime creature (D)
  A wraith (D)
  A shadow (D)
  A yak (shapeshifter) (D)
  2 yaks (D)
  4 wargs (D)
  2 hell hounds (D)
  2 porcupines (D)
  A water moccasin (D)
  7 orc warriors (D)
  2 ogres (D)
  2 wolves (D)
  2 crocodiles (D)
  2 bullfrogs (D)
  2 scorpions (D)
  A crimson imp (D)
  5 orc wizards (D)
  2 orc priests (D)
  An iguana (D)
  A worker ant (D)
  An adder (D)
  An adder zombie (D)
  3 orcs (D)
  2 hobgoblins (D)
  A kobold (D)
  A quokka (D)
  A bat (D)
  A giant cockroach zombie (D)
  A rat (D)
78 creatures vanquished.

Vanquished Creatures (collateral kills)
  A frost giant (D)
  A hydra (D)
  An ugly thing (D)
  5 orc sorcerers (D)
  2 komodo dragons (D)
  A hippogriff (D)
  7 orc warriors (D)
  A wolf (D)
  A crocodile (D)
  A bullfrog (D)
  3 orc wizards (D)
24 creatures vanquished.

Vanquished Creatures (others)
  A spatial maelstrom (D)
1 creature vanquished.

Grand Total: 103 creatures vanquished

Notes
Turn   | Place    | Note
-------+----------+-------------------------------------------
     0 | D        | Pa55enger the Gnoll Berserker began the quest for the Orb.
     0 | D        | Reached XP level 1. HP: 23/23 MP: 1/1
     5 | D        | Banished a spatial maelstrom
    11 | D        | Reached ** piety under Trog
    14 | D        | Reached skill level 1 in Invocations
    30 | D        | Noticed a scorpion
    30 | D        | Noticed an iguana
    30 | D        | Noticed an ogre
    34 | D        | Killed a scorpion
    34 | D        | Reached skill level 5 in Armour
    34 | D        | Reached skill level 5 in Dodging
    34 | D        | Reached skill level 1 in Conjurations
    34 | D        | Reached skill level 1 in Hexes
    34 | D        | Reached skill level 1 in Charms
    34 | D        | Reached skill level 1 in Summonings
    34 | D        | Reached skill level 1 in Necromancy
    34 | D        | Reached skill level 1 in Translocations
    34 | D        | Reached skill level 1 in Transmutations
    34 | D        | Reached skill level 1 in Fire Magic
    34 | D        | Reached skill level 1 in Ice Magic
    34 | D        | Reached skill level 1 in Air Magic
    34 | D        | Reached skill level 1 in Earth Magic
    34 | D        | Reached skill level 1 in Poison Magic
    34 | D        | Reached XP level 2. HP: 29/29 MP: 3/5
    34 | D        | Reached XP level 3. HP: 35/35 MP: 3/6
    35 | D        | Reached *** piety under Trog
    35 | D        | Reached XP level 4. HP: 43/43 MP: 3/7
    44 | D        | Killed an ogre
    44 | D        | Reached XP level 5. HP: 39/48 MP: 3/10
   207 | D        | Found a roughly hewn altar of Beogh.
   207 | D        | Found a snail-covered altar of Cheibriados.
   207 | D        | Found a shadowy altar of Dithmenos.
   207 | D        | Found a white marble altar of Elyvilon.
   207 | D        | Found a blossoming altar of Fedhas.
   207 | D        | Found an opulent altar of Gozag.
   208 | D        | Found a hazy altar of Hepliaklqana.
   209 | D        | Found a viscous altar of Jiyva.
   210 | D        | Found an ancient bone altar of Kikubaaqudgha.
   211 | D        | Found a corrupted altar of Lugonu.
   212 | D        | Found a burning altar of Makhleb.
   213 | D        | Found a sparkling altar of Nemelex Xobeh.
   214 | D        | Found an iron altar of Okawaru.
   215 | D        | Found a stormy altar of Qazlal.
   216 | D        | Found a sacrificial altar of Ru.
   217 | D        | Found a deep blue altar of Sif Muna.
   218 | D        | Found a bloodstained altar of Trog.
   219 | D        | Found a hide-covered altar of Uskayaw.
   220 | D        | Found a radiant altar of Vehumet.
   221 | D        | Found an ornate altar of the Wu Jian Council.
   222 | D        | Found a shimmering altar of Xom.
   223 | D        | Found a basalt altar of Yredelemnul.
   224 | D        | Found a glowing silver altar of Zin.
   225 | D        | Found a glowing golden altar of the Shining One.
   242 | D        | Got the +2 scimitar of Extremism {slice, +Fly rC- SInv}
   272 | D        | Noticed a hippogriff
   272 | D        | Noticed a hornet
   272 | D        | Noticed an ogre
   276 | D        | Killed a hippogriff
   276 | D        | Reached **** piety under Trog
   276 | D        | Reached skill level 5 in Invocations
   276 | D        | Reached XP level 6. HP: 56/56 MP: 10/12
   282 | D        | Killed a hornet
   282 | D        | Reached skill level 5 in Short Blades
   282 | D        | Reached skill level 5 in Long Blades
   282 | D        | Reached skill level 5 in Axes
   282 | D        | Reached skill level 5 in Polearms
   282 | D        | Reached skill level 5 in Staves
   282 | D        | Reached skill level 5 in Slings
   282 | D        | Reached skill level 5 in Bows
   282 | D        | Reached skill level 5 in Crossbows
   282 | D        | Reached skill level 5 in Throwing
   282 | D        | Reached skill level 5 in Stealth
   282 | D        | Reached skill level 5 in Shields
   282 | D        | Reached skill level 5 in Unarmed Combat
   282 | D        | Reached skill level 5 in Spellcasting
   282 | D        | Reached skill level 5 in Evocations
   282 | D        | Reached XP level 7. HP: 63/63 MP: 10/15
   285 | D        | Reached ***** piety under Trog
   354 | D        | Noticed a wraith
   354 | D        | Noticed a hippogriff
   354 | D        | Noticed an unseen horror
   354 | D        | Noticed a slime creature
   364 | D        | Killed a wraith
   364 | D        | Reached XP level 8. HP: 70/70 MP: 16/16
   368 | D        | Killed a hippogriff
   368 | D        | Reached skill level 5 in Conjurations
   368 | D        | Reached skill level 5 in Hexes
   368 | D        | Reached skill level 5 in Charms
   368 | D        | Reached skill level 5 in Summonings
   368 | D        | Reached skill level 5 in Necromancy
   368 | D        | Reached skill level 5 in Translocations
   368 | D        | Reached skill level 5 in Transmutations
   368 | D        | Reached skill level 5 in Fire Magic
   368 | D        | Reached skill level 5 in Ice Magic
   368 | D        | Reached skill level 5 in Air Magic
   368 | D        | Reached skill level 5 in Earth Magic
   368 | D        | Reached skill level 5 in Poison Magic
   369 | D        | Killed an unseen horror
   369 | D        | Received a gift from Trog
   379 | D        | Killed a slime creature
   379 | D        | Reached XP level 9. HP: 36/77 MP: 19/19
   380 | D        | Received a gift from Trog
   678 | D        | Noticed a komodo dragon
   678 | D        | Noticed a komodo dragon
   679 | D        | Noticed an eight-headed hydra
   700 | D        | Killed a komodo dragon
   701 | D        | Reached skill level 10 in Fighting
   701 | D        | Reached skill level 10 in Maces & Flails
   704 | D        | Killed a komodo dragon
   704 | D        | Received a gift from Trog
   706 | D        | Killed an eight-headed hydra
   707 | D        | Received a gift from Trog
   990 | D        | Noticed a komodo dragon
   994 | D        | Received a gift from Trog
   999 | D        | Reached ****** piety under Trog
   999 | D        | Reached XP level 10. HP: 86/86 MP: 20/22
  1007 | D        | Received a gift from Trog
  1027 | D        | Received a gift from Trog
  1235 | D        | Received a gift from Trog
  1235 | D        | Reached skill level 10 in Armour
  1235 | D        | Reached skill level 10 in Dodging
  1324 | D        | Noticed Sonja
  1349 | D        | Killed Sonja
  1601 | D        | Noticed Erica
  1632 | D        | Killed Erica
  1632 | D        | Received a gift from Trog
  1632 | D        | Reached skill level 10 in Invocations
  1839 | D        | Noticed a stone giant
  1846 | D        | Received a gift from Trog
  1848 | D        | Noticed an orc knight
  1856 | D        | Killed a stone giant
  1856 | D        | Reached XP level 11. HP: 93/93 MP: 24/24
  1860 | D        | Received a gift from Trog
  1868 | D        | Killed an orc knight
  1877 | D        | Received a gift from Trog
  2081 | D        | Noticed an orc knight
  2090 | D        | Killed an orc knight
  2090 | D        | Received a gift from Trog
  2090 | D        | Reached skill level 10 in Short Blades
  2090 | D        | Reached skill level 10 in Long Blades
  2090 | D        | Reached skill level 10 in Axes
  2090 | D        | Reached skill level 10 in Polearms
  2090 | D        | Reached skill level 10 in Staves
  2090 | D        | Reached skill level 10 in Slings
  2090 | D        | Reached skill level 10 in Bows
  2090 | D        | Reached skill level 10 in Crossbows
  2090 | D        | Reached skill level 10 in Throwing
  2090 | D        | Reached skill level 10 in Stealth
  2090 | D        | Reached skill level 10 in Shields
  2090 | D        | Reached skill level 10 in Unarmed Combat
  2090 | D        | Reached skill level 10 in Spellcasting
  2090 | D        | Reached skill level 10 in Evocations
  2109 | D        | Received a gift from Trog
  2124 | D        | Received a gift from Trog
  2214 | D        | Found Taco's Armour Emporium.
  2214 | D        | Noticed an orc sorcerer
  2214 | D        | Noticed an orc sorcerer
  2214 | D        | Noticed an orc sorcerer
  2214 | D        | Noticed an orc sorcerer
  2217 | D        | Noticed a sixfirhy
  2217 | D        | Killed an orc sorcerer
  2218 | D        | Noticed an orc sorcerer
  2219 | D        | Killed an orc sorcerer
  2219 | D        | Received a gift from Trog
  2225 | D        | Found Kyruux's Jewellery Shoppe.
  2225 | D        | Noticed an orc sorcerer
  2234 | D        | Killed an orc sorcerer
  2237 | D        | Killed an orc sorcerer
  2241 | D        | Killed an orc sorcerer
  2241 | D        | Received a gift from Trog
  2242 | D        | Killed an orc sorcerer
  2245 | D        | Noticed an orc sorcerer
  2267 | D        | Killed an orc sorcerer
  2267 | D        | Received a gift from Trog
  2373 | D        | Found Gufent's Antique Weapon Emporium.
  2377 | D        | Found Gakouro's Magic Scroll Shoppe.
  2383 | D        | Noticed an orc sorcerer
  2394 | D        | Killed an orc sorcerer
  2395 | D        | Received a gift from Trog
  2431 | D        | Bought an uncursed amulet of regeneration for 360 gold pieces
  2472 | D        | Noticed Harold
  2492 | D        | Killed Harold
  2516 | D        | Noticed Erolcha
  2533 | D        | Killed Erolcha
  2611 | D        | Found the +4 skin of Zhor {rC+++}
  2680 | D        | Noticed a death knight
  2680 | D        | Noticed a cyan ugly thing
  2685 | D        | Received a gift from Trog
  2685 | D        | Reached XP level 12. HP: 103/103 MP: 26/26
  2686 | D        | Noticed a frost giant
  2693 | D        | Killed a death knight
  2694 | D        | Received a gift from Trog
  2698 | D        | Noticed a white very ugly thing
  2713 | D        | Noticed a soul eater
  2721 | D        | Killed a frost giant
  2739 | D        | Killed a white very ugly thing
  2748 | D        | Noticed a deep troll shaman
  2757 | D        | Killed a deep troll shaman
  2757 | D        | Received a gift from Trog
  2764 | D        | Noticed a stone giant
  2824 | D        | Mangled by a stone giant

Vault maps used:
D:        linesprint

Skill      XL: |  1  2  3  4  5  6  7  8  9 10 11 12 |
---------------+-------------------------------------+-----
Invocations    | 2 3 5 6 7 9 10 11 12 | 12.3
Short Blades   | 2 3 4 5 7 8 9 10 11 | 11.4
Long Blades    | 2 3 4 5 7 8 9 10 11 | 11.4
Axes           | 2 3 4 5 7 8 9 10 11 | 11.4
Polearms       | 2 3 4 5 7 8 9 10 11 | 11.4
Staves         | 2 3 4 5 7 8 9 10 11 | 11.4
Slings         | 2 3 4 5 7 8 9 10 11 | 11.4
Bows           | 2 3 4 5 7 8 9 10 11 | 11.4
Crossbows      | 2 3 4 5 7 8 9 10 11 | 11.4
Throwing       | 2 3 4 5 7 8 9 10 11 | 11.4
Armour         | 5 6 7 8 9 10 11 12 | 12.2
Dodging        | 5 6 7 8 9 10 11 12 | 12.2
Stealth        | 2 3 4 5 7 8 9 10 11 | 11.4
Shields        | 2 3 4 5 7 8 9 10 11 | 11.4
Unarmed Combat | 2 3 4 5 7 8 9 10 11 | 11.4
Spellcasting   | 2 3 4 5 7 8 9 10 11 | 11.4
Conjurations   | 1 2 3 4 5 6 8 9 |  9.7
Hexes          | 1 2 3 4 5 6 8 9 |  9.7
Charms         | 1 2 3 4 5 6 8 9 |  9.7
Summonings     | 1 2 3 4 5 6 8 9 |  9.7
Necromancy     | 1 2 3 4 5 6 8 9 |  9.7
Translocations | 1 2 3 4 5 6 8 9 |  9.7
Transmutations | 1 2 3 4 5 6 8 9 |  9.7
Fire Magic     | 1 2 3 4 5 6 8 9 |  9.7
Ice Magic      | 1 2 3 4 5 6 8 9 |  9.7
Air Magic      | 1 2 3 4 5 6 8 9 |  9.7
Earth Magic    | 1 2 3 4 5 6 8 9 |  9.7
Poison Magic   | 1 2 3 4 5 6 8 9 |  9.7
Evocations     | 2 3 4 5 7 8 9 10 11 | 11.4
Fighting       | 7 8 9 10 11 12 | 12.9
Maces & Flails | 7 8 9 10 11 12 | 12.9

Action                   |  1- 3 |  4- 6 |  7- 9 | 10-12 || total
-------------------------+-------+-------+-------+-------++-------
Melee: Mace              |    16 |     6 |       |       ||    22
       Bite              |     3 |     2 |    12 |    41 ||    58
       Punch             |     1 |       |       |     4 ||     5
       Scimitar          |       |     9 |    27 |   158 ||   194
       Quarterstaff      |       |       |    23 |    83 ||   106
Invok: Berserk           |     1 |     1 |     2 |     7 ||    11
       Brothers in Arms  |       |       |     1 |     8 ||     9
       Trog's Hand       |       |       |     1 |     3 ||     4
  Eat: Chunk             |       |       |     3 |    11 ||    14
       Ration            |       |       |       |     2 ||     2
Armor: Animal skin       |     2 |       |       |     4 ||     6
       Scale mail        |       |     2 |    11 |    24 ||    37
       Chain mail        |       |       |       |    16 ||    16
Dodge: Dodged            |    10 |    10 |    22 |   123 ||   165
Block: Large shield      |       |       |       |    40 ||    40
       Rpst.: Scimitar   |       |     2 |     3 |    21 ||    26

Table legend:
 A = Spawn XP
 B = Non-spawn XP
 C = Spawn XP percentage of total XP
 D = Spawn monster count
 E = Non-spawn monster count
 F = Spawn count percentage of total count
 G = Total turns spent on level
                    A         B        C        D         E        F      G
               +---------+---------+-------+---------+---------+-------+---------
         Total |       0 |   23981 |   0.0 |       0 |     102 |   0.0 |  2824
               +---------+---------+-------+---------+---------+-------+---------
             D |       0 |   23981 |   0.0 |       0 |     102 |   0.0 |  2824
               +---------+---------+-------+---------+---------+-------+---------
